cohdb
Replays
Latest Replays
All Replays
Popular Replays
Top Player Replays
Match Explorer
How It Works
Community
CoH3 Stats
Reddit
Sign in to upload your games and track your stats! →
Sign in with Steam
Match 41354178
Unlisted
Match 41354178
Overview
Messages
Build Orders
End
Construct Barracks
Scout Squad
Riflemen Squad
Selects Heavy Weapons
Riflemen Squad
Construct Weapon Support Center
M1919 Machine Gun Team
Selects M2HB .50cal Heavy Machine Gun
M1919 Machine Gun Team
Grenade Package
Mechanized Support Center
Selects Assault Carriers
M3 Assault Carrier
M3 Assault Carrier
M3 Assault Carrier
Designate Forward Repair Station
Selects Exchangeable Parts
M1918 Browning Automatic Rifles
Riflemen Squad
Riflemen Squad
Scout Squad
j3rkface
+UnWD+ LT. M
JR1
cannot compute
nilshousker
BrainySmurf
0
0
Comments
sign in to comment!
No comments posted yet!